 Dungeon Crawl Stone Soup version 0.30.1-3-gfc49f6343a (webtiles) character file.

Game seed: 4671330410460850077

1607 cowcol the Protected (level 8, -9/74 HPs)
             Began as a Minotaur Fighter on July 22, 2023.
             Shot with a sling bullet by Joseph (14 damage)
             ... on level 8 of the Dungeon.
             The game lasted 00:16:42 (5857 turns).

cowcol the Protected (Minotaur Fighter)             Turns: 5857, Time: 00:16:43

Health: -9/74      AC: 11    Str: 22    XL:     8   Next: 63%
Magic:  7/7        EV: 23    Int:  5    God:
Gold:   238        SH:  6    Dex: 11    Spells: 7/7 levels left

rFire   . . .        a - +0 war axe
rCold   . . .        c - +2 buckler
rNeg    . . .        A - +0 chain mail
rPois   .            (helmet restricted)
rElec   .            (no cloak)
rCorr   +            (no gloves)
SInv    .            (no boots)
Will    +....        i - amulet of the acrobat Stlth
                     n - ring of willpower
HPRegen 0.32/turn    u - ring of resist corrosion
MPRegen 0.10/turn

%: acrobat
@: acrobatic, studying Fighting
A: horns 2, retaliatory headbutt
a: no special abilities


You were on level 8 of the Dungeon.
You visited 1 branch of the dungeon, and saw 6 of its levels.
You also visited: Ossuary.

You collected 274 gold pieces.
You spent 36 gold pieces at shops.

Inventory:

Hand Weapons
 a - a +0 war axe (weapon)
Missiles
 d - a throwing net
 q - 9 poisoned darts (quivered)
Armour
 b - a +0 scale mail
 c - a +2 buckler (worn)
 A - a +0 chain mail (worn)
Jewellery
 f - a ring of protection from fire
 i - an amulet of the acrobat (around neck)
 n - a ring of willpower (left hand)
 r - an amulet of magic regeneration
 u - a ring of resist corrosion (right hand)
Wands
 t - a wand of flame (15)
 C - a wand of charming (8)
Scrolls
 h - 2 scrolls of teleportation
 j - 2 scrolls of enchant weapon
 m - 2 scrolls of magic mapping
 o - a scroll of fear {unknown}
 s - 2 scrolls of fog
 v - a scroll of immolation {unknown}
 w - a scroll of brand weapon {unknown}
 y - a scroll of poison {unknown}
 D - a scroll of blinking {unknown}
Potions
 e - 3 potions of heal wounds {unknown}
 g - 4 potions of haste
 k - a potion of attraction
 p - a potion of berserk rage {unknown}
 x - a potion of ambrosia {unknown}
 z - a potion of might
 B - 2 potions of mutation {unknown}
 E - 3 potions of flight {unknown}
 F - 2 potions of magic {unknown}


   Skills:
 + Level 7.7 Fighting
 + Level 8.7 Axes
 * Level 9.4 Armour
 - Level 3.6 Shields


You had 7 spell levels left.
You didn't know any spells.
Your spell library contained the following spells:

 Spells                   Type           Power      Damage    Failure   Level
 Magic Dart               Conj           0%         1d3       97%         1
 Call Imp                 Summ           0%         N/A       99%         2
 Inner Flame              Hex/Fire       0%         N/A       100%        3
 Mephitic Cloud           Conj/Pois/Air  0%         N/A       100%        3
 Flame Wave               Conj/Fire      0%         2d4       100%        4
 Sticky Flame             Conj/Fire      0%         2d3       100%        4


Dungeon Overview and Level Annotations

Branches:
Dungeon (8/15)            Ossuary (visited)
 Temple: D:4-7         Lair: D:8-11

Altars:
Ashenzari
Cheibriados
Nemelex Xobeh
Ru
Trog

Shops:
D:2 *   D:5 =

Annotations:
D:8 Joseph


Innate Abilities, Weirdness & Mutations

You have a pair of horns on your head.
You reflexively headbutt those who attack you in melee.


Message History

The steam dragon misses you. Joseph closely misses you.
Unknown command.
You feel better.
The steam dragon bites you but does no damage.
The steam dragon claws you but does no damage.
Joseph says, "You will never get the ORB, sorry."
Joseph closely misses you. You furiously retaliate!
You headbutt Joseph! You slash the steam dragon!
Your headbutt misses the steam dragon.
The steam dragon is almost dead.
You completely miss Joseph.
The steam dragon bites you but does no damage.
The steam dragon misses you. Joseph hits you with a +0 quarterstaff.
* * * LOW HITPOINT WARNING * * *
Unknown command.
You hit the steam dragon but do no damage.
The steam dragon is almost dead.
You closely miss Joseph. The steam dragon barely misses you.
The steam dragon closely misses you. You block Joseph's attack.
You hit the steam dragon. Your headbutt misses the steam dragon.
The steam dragon is almost dead.
You hit Joseph. The steam dragon barely misses you.
You block the steam dragon's attack. You block Joseph's attack.
Unknown command.
You barely miss the steam dragon.
The steam dragon is almost dead.
You barely miss Joseph. You block the steam dragon's attack. x2
Joseph hits you with a +0 quarterstaff.
* * * LOW HITPOINT WARNING * * *
You hit the steam dragon.
You kill the steam dragon!
The steam dragon scales are intact enough to wear.
You hit Joseph. Joseph hits you with a +0 quarterstaff!
* * * LOW HITPOINT WARNING * * *
Okay, then.
Joseph unwields a +0 quarterstaff.
Joseph wields a +0 sling.
Joseph shoots a sling bullet.
The sling bullet closely misses you.
Things that are here:
+0 steam dragon scales; a steam dragon corpse Joseph shoots a sling bullet.
The sling bullet hits you!
You die...

,,*,****#..#***,**,*
,**,*####...,,,,**,*****
,,,,,,.....#******,,,,,*
,,,,,,,...@# *****,*
,******#...# *,* ,* #...# *,*
>* #...# *,* ,*
##...###########.#*****
.######......@[.@.......,,,,*
..........###'###.###+##*,,**
######.##ยง.##.#*,..#*,**,,**
# #.###..###,,...#**,,** #
#.# *...#,,,....#,,,* # #.#
*.#..#**+###..*,* * #.#
*..#..#*,**,...,*
######.#**,#*#..***,,,.#**
.......#*,** **,,*,,,,,*


You could see Joseph.

Vanquished Creatures
  Psyche (D:8)
  Eustachio (D:5)
  A steam dragon (D:8)
  A black bear (D:5)
  An ice beast (D:5)
  A phantom (D:5)
  A scorpion (D:5)
  5 killer bees (D:8)
  2 centaur zombies (Ossuary)
  An orc priest (D:5)
  2 jellies (D:5)
  Jessica (D:3)
  4 iguanas
  2 mummies (Ossuary)
  9 adders
  3 gnolls (D:3)
  A white imp (D:5)
  An adder zombie (Ossuary)
  A worm (D:3)
  A dart slug (D:1)
  5 orcs
  7 ball pythons
  7 endoplasms
  A giant cockroach (D:4)
  7 hobgoblins
  3 jackals (D:1)
  5 kobolds
  4 quokkas
  A bat (D:1)
  2 frilled lizards (D:1)
  8 goblins
  2 goblin zombies (Ossuary)
  8 hobgoblin zombies (Ossuary)
  2 jackal zombies (Ossuary)
  14 kobold zombies (Ossuary)
  7 orc zombies (Ossuary)
  A rat (D:2)
  A rat zombie (Ossuary)
125 creatures vanquished.

Vanquished Creatures (others)
  A mummy (D:8)
1 creature vanquished.

Grand Total: 126 creatures vanquished

Notes
Turn   | Place    | Note
-------+----------+-------------------------------------------
     0 | D:1      | cowcol the Minotaur Fighter began the quest for the Orb.
     0 | D:1      | Reached XP level 1. HP: 19/19 MP: 0/0
   135 | D:1      | Reached skill level 4 in Armour
   182 | D:1      | Reached XP level 2. HP: 27/27 MP: 1/1
   936 | D:2      | Reached XP level 3. HP: 29/33 MP: 2/2
  1010 | D:2      | Found a faded altar of an unknown god.
  1079 | D:2      | Found a transporter.
  1085 | D:2      | Found Oraanurr's Assorted Antiques.
  1087 | D:2      | Found a transporter.
  1093 | D:2      | Bought a scroll labelled OFEOROTZOY for 19 gold pieces
  1093 | D:2      | Bought an emerald potion for 17 gold pieces
  1811 | D:2      | Found a snail-covered altar of Cheibriados.
  2103 | D:3      | Reached skill level 5 in Armour
  2142 | D:3      | Noticed Jessica
  2147 | D:3      | Killed Jessica
  2148 | D:3      | Reached XP level 4. HP: 40/40 MP: 3/3
  2555 | D:3      | Found a sacrificial altar of Ru.
  2558 | D:3      | Found a bloodstained altar of Trog.
  2559 | D:3      | Found a sparkling altar of Nemelex Xobeh.
  2780 | D:3      | Reached XP level 5. HP: 47/47 MP: 4/4
  3427 | D:4      | Reached skill level 6 in Armour
  4212 | D:5      | Entered Level 5 of the Dungeon
  4233 | D:5      | Reached skill level 5 in Fighting
  4233 | D:5      | Reached XP level 6. HP: 48/56 MP: 5/5
  4269 | D:5      | Found Kats's Jewellery Boutique.
  4274 | D:5      | Noticed an ice beast
  4290 | D:5      | Killed an ice beast
  4291 | D:5      | Reached skill level 5 in Axes
  4407 | D:5      | Reached skill level 7 in Armour
  4485 | D:5      | Noticed Eustachio
  4497 | D:5      | Killed Eustachio
  4498 | D:5      | Reached XP level 7. HP: 53/62 MP: 6/6
  4692 | D:5      | Reached skill level 8 in Armour
  5158 | D:5      | Identified the +3 mace "Damos" {venom, Str+3 Stlth+}
  5209 | D:5      | Found a broken altar of Ashenzari.
  5236 | D:5      | You fall into a shaft and drop 3 floors!
  5267 | D:8      | Reached XP level 8. HP: 44/71 MP: 7/7
  5277 | D:8      | Noticed Psyche
  5289 | D:8      | Killed Psyche
  5290 | D:8      | Reached skill level 9 in Armour
  5504 | D:8      | Noticed Joseph
  5511 | D:8      | Found a sand-covered staircase.
  5517 | Ossuary  | Entered an ossuary
  5857 | D:8      | Shot with a sling bullet by Joseph

Illustrated notes

Levels and vault maps discovered:
D:1:      lightli_arrival_quake, layout_basic
D:2:      layout_loops_corners, basic_ecumenical_altar, serial_shops,
          nicolae_shop_drivethru, basic_altar
D:3:      minmay_spotlight, layout_basic, minitemple, serial_corexii_hall,
          corexii_hall_statues_x, chequers_hall_statues_wall_a,
          chequers_hall_statues_y, uniq_jessica
D:4:      layout_basic, grunt_ministairs_12
D:5:      layout_basic, general_overflow_altar,
          minmay_temple_entry_antechambers, minmay_shop_enchanted_jewellery,
          uniq_eustachio
D:8:      layout_loops_ring, mainiacjoe_overflow_alcove_1,
          nicolae_ossuary_entry_giza, gammafunk_ghost_wrathful_warriors,
          uniq_psyche, uniq_grum, uniq_pikel, uniq_joseph

Skill      XL: |  1  2  3  4  5  6  7  8 |
---------------+-------------------------+-----
Armour         | 4 5 6 7 8 9 |  9.4
Fighting       | 4 5 6 7 |  7.7
Axes           | 3 4 5 7 8 |  8.7
Shields        | |  3.6

Action                     |  1- 3 |  4- 6 |  7- 9 || total
---------------------------+-------+-------+-------++-------
  Melee: War axe           |    66 |    91 |   144 ||   301
         Headbutt          |     8 |    19 |    22 ||    49
    Use: Potion            |     3 |     2 |     2 ||     7
         Scroll            |     3 |     4 |     2 ||     9
 Armour: Scale mail        |    23 |    20 |       ||    43
         Chain mail        |       |     1 |    71 ||    72
  Dodge: Dodged            |    22 |    38 |    88 ||   148
  Block: Buckler           |    15 |    21 |    47 ||    83
